 Dungeon Crawl Stone Soup version 0.18.1-8-gdd0e5ea (webtiles) character file.

75 mindo the Charmwright (level 4, -5/30 HPs)
             Began as a High Elf Skald on June 2, 2016.
             Splashed by a jelly's acid (9 damage)
             ... on level 3 of the Dungeon.
             The game lasted 00:08:38 (2236 turns).

mindo the Charmwright (High Elf Skald)              Turns: 2236, Time: 00:08:43

Health: -5/30      AC:  0    Str: 11    XL:     4   Next: 11%
Magic:  18/18      EV: 12    Int: 15    God:
Gold:   173        SH:  0    Dex: 16    Spells: 2 memorised, 5 levels left

rFire  . . .     SeeInvis .     a - +0 falchion
rCold  . . .     Gourm    .     b - +0 leather armour
rNeg   . . .     Faith    .     (no shield)
rPois  .         Spirit   .     (no helmet)
rElec  .         Dismiss  .     (no cloak)
rCorr  .         Reflect  .     (no gloves)
SustAt .         Harm     .     (no boots)
MR     .....                    (no amulet)
Stlth  +.........               (no ring)
                                f - ring of magical power

@: corroded, not resistant to hostile enchantments, very unstealthy
A: no striking features
a: no special abilities


You were on level 3 of the Dungeon.
You were not hungry.

You visited 1 branch of the dungeon, and saw 3 of its levels.

You collected 173 gold pieces.

Inventory:

Hand Weapons
 a - a +0 falchion (weapon)
 e - a +0 war axe
 o - a +0 rapier
Armour
 b - a +0 leather armour (worn)
 h - a +2 buckler
Jewellery
 f - a ring of magical power (left hand)
Scrolls
 g - a scroll of remove curse
 i - a scroll of magic mapping {unknown}
 j - a scroll of blinking {unknown}
 k - 5 scrolls of identify {unknown}
Potions
 m - 2 potions of curing {unknown}
 n - a potion of ambrosia {unknown}
Books
 c - a book of Battle

   Spells                             Type                      Level
   a - Infusion                       Charms                       1
   b - Shroud of Golubria             Charms/Translocation         2
   c - Song of Slaying                Charms                       2
   d - Spectral Weapon                Hexes/Charms                 3
   e - Regeneration                   Charms/Necromancy            3
Comestibles
 d - 3 bread rations
 l - a royal jelly


   Skills:
 + Level 2.4 Fighting
 + Level 3.0 Long Blades
 + Level 1.6 Armour
 + Level 2.2 Dodging
 + Level 2.8 Spellcasting
 + Level 4.0 Charms


You had 5 spell levels left.
You knew the following spells:

 Your Spells              Type           Power        Failure   Level  Hunger
a - Infusion              Chrm           ##..         6%          1    #......
b - Shroud of Golubria    Chrm/Tloc      #.........   21%         2    ##.....


Dungeon Overview and Level Annotations

Branches:
Dungeon (3/15)

Altars:
Kikubaaqudgha
Pakellas
Xom


Message History

The jelly quivers.
A hobgoblin comes into view.
The jelly hits you but does no damage.
You hit the jelly.
Your hands burn!
The jelly is moderately wounded.
The jelly misses you.
You hit the jelly. The acid corrodes you!
Your hands burn!
The jelly is moderately wounded.
The jelly closely misses you.
You completely miss the jelly.
The jelly is moderately wounded.
The jelly hits you.
You are splashed with acid!
The acid burns!
* * * LOW HITPOINT WARNING * * *
You hit the jelly but do no damage.
Your hands burn!
* * * LOW HITPOINT WARNING * * *
The jelly is moderately wounded.
The jelly hits you.
* * * LOW HITPOINT WARNING * * *
You are splashed with acid!
The acid burns!
You die...

#.. .. ..# #.#
##..# .. #...# #
#.## ##...## #g
?.# #..... ##..
#J###...## #....
#@.#.....#
#.....#..#...#.#
...........#.#.# #
......####.#<#.#.#
........†...>....#
.........#.....###
.........#######
.........
##.......


You could see a jelly.

Vanquished Creatures
  An adder (D:2)
  2 oozes (D:2)
  A dart slug (D:1)
  3 giant geckos
  2 goblins (D:1)
  7 hobgoblins
  9 jackals
  5 kobolds
  2 quokkas
  7 bats
  A giant newt (D:2)
  7 rats
47 creatures vanquished.

Notes
Turn   | Place    | Note
--------------------------------------------------------------
     0 | D:1      | mindo the High Elf Skald began the quest for the Orb.
     0 | D:1      | Reached XP level 1. HP: 14/14 MP: 4/4
   187 | D:1      | Reached skill level 1 in Armour
   346 | D:1      | Reached XP level 2. HP: 10/19 MP: 2/6
  1162 | D:1      | Reached XP level 3. HP: 25/25 MP: 4/7
  1271 | D:2      | Found a shimmering altar of Xom.
  1365 | D:2      | Reached skill level 4 in Charms
  1507 | D:2      | Learned a level 2 spell: Shroud of Golubria
  1532 | D:2      | Found an ancient bone altar of Kikubaaqudgha.
  2025 | D:2      | Found an oddly glowing altar of Pakellas.
  2032 | D:2      | Reached XP level 4. HP: 25/30 MP: 9/9
  2131 | D:2      | Found a faded altar to an unknown god.
  2236 | D:3      | Splashed by a jelly's acid

Skill      XL: |  1  2  3 |
---------------+----------+-----
Armour         | 1 |  1.6
Charms         | 4 |  4.0
Dodging        | 2 |  2.2
Long Blades    | 3 |  3.0
Fighting       | |  2.4
Spellcasting   | |  2.8

Action                   |  1- 3 |  4- 6 || total
-------------------------+-------+-------++-------
Melee: Falchion          |   111 |    11 ||   122
 Cast: Infusion          |    16 |     1 ||    17
       Shroud of Golubri |     2 |     1 ||     3
  Use: Scroll            |     2 |       ||     2
  Eat: Meat ration       |     1 |       ||     1
Armor: Leather armour    |    40 |     4 ||    44
Dodge: Dodged            |   107 |     3 ||   110
